 Dungeon Crawl Stone Soup version 0.18.1-1-g2f07953 (webtiles) character file.

417 MDvedh the Ruffian (level 6, -3/44 (45) HPs)
             Began as a Ghoul Earth Elementalist on May 7, 2016.
             Was a Follower of Okawaru.
             Killed from afar by an orc wizard (5 damage)
             ... with a magic dart
             ... on level 4 of the Dungeon.
             The game lasted 00:05:39 (3784 turns).

MDvedh the Ruffian (Ghoul Earth Elementalist)       Turns: 3784, Time: 00:05:39

HP:   -3/44 (45)    AC: 14    Str: 14    XL:     6   Next: 93%
MP:   5/7           EV:  5    Int: 10    God:    Okawaru [*.....]
Gold: 171           SH:  0    Dex:  9    Spells: 1 memorised, 7 levels left

rFire  . . .     SeeInvis .       - Unarmed
rCold  + . .     Gourm    .     j - +0 plate armour
rNeg   + + +     Faith    .     (no shield)
rPois  ∞         Spirit   .     (no helmet)
rElec  .         Dismiss  .     n - +0 cloak
rCorr  .         Reflect  .     (no gloves)
SustAt .         Harm     .     e - +0 pair of boots
MR     .....                    (no amulet)
Stlth  ..........               (no ring)
                                (no ring)

@: heroism, rotting, not resistant to hostile enchantments, extremely unstealthy
A: rotting body, claws 1, carnivore 3, cold resistance 1, negative energy
resistance 3, slow regeneration 1, torment resistance, unbreathing
a: Heroism, Renounce Religion


You were on level 4 of the Dungeon.
You worshipped Okawaru.
Okawaru was aware of your devotion.
You were not hungry.

You visited 1 branch of the dungeon, and saw 4 of its levels.

You collected 171 gold pieces.

Inventory:

Missiles
 b - 112 stones (quivered)
Armour
 a - a +0 robe
 e - a +0 pair of boots (worn)
 j - a +0 plate armour (worn)
 n - a +0 cloak (worn)
Scrolls
 f - 2 scrolls of fog {unknown}
 g - 2 scrolls of teleportation {unknown}
 h - a scroll of recharging {unknown}
 i - a scroll of enchant armour {unknown}
 l - a scroll of identify {unknown}
 m - a scroll of remove curse {unknown}
 p - a scroll of immolation {unknown}
Potions
 o - a potion of heal wounds {unknown}
 q - a potion of degeneration {unknown}
 s - a potion of curing {unknown}
 t - 2 potions of berserk rage {unknown}
 u - a potion of magic {unknown}
Books
 c - a book of Geomancy

   Spells                             Type                      Level
   a - Sandblast                      Earth                        1
   b - Passwall                       Transmutation/Earth          2
   c - Stone Arrow                    Conjuration/Earth            3
   d - Petrify                        Transmutation/Earth          4
   e - Lee's Rapid Deconstruction     Earth                        5
Comestibles
 k - 2 beef jerkies


   Skills:
 - Level 1.7(6.7) Dodging
 - Level 2.1(7.1) Stealth
 + Level 7.1(12.1) Unarmed Combat
 - Level 1.7 Spellcasting
   Level 0.8 Transmutations
 - Level 3.8 Earth Magic


You had 7 spell levels left.
You knew the following spells:

 Your Spells              Type           Power        Failure   Level  Hunger
a - Sandblast             Erth           #.....       100%        1    ##.....


Dungeon Overview and Level Annotations

Branches:
Dungeon (4/15)
 Temple: D:4-7

Altars:
Okawaru


Innate Abilities, Weirdness & Mutations

Your body is rotting away.
You thrive on raw meat.
You are immune to poison.
You have sharp fingernails.
You are carnivorous and can eat meat at any time.
Your flesh is cold resistant.
You are immune to negative energy.
You regenerate slowly when monsters are visible.
You are immune to unholy pain and torment.
You can survive without breathing.


Message History

You continue eating.
You finish eating.
That meat ration really hit the spot!
Drink which item? (? for menu, Esc to quit)
Okay, then.
Eat which item? (? for menu, Esc to quit)
The orc wizard completely misses you.
You continue eating.
The orc wizard points at you and mumbles some strange words.
The magic dart hits you!
You continue eating.
The orc wizard gestures at you while chanting.
You resist with some effort.
The orc wizard hits you but does no damage.
You finish eating.
That meat ration really hit the spot!
Okay, then.
You gain the combat prowess of a mighty hero.
You feel slightly more hungry.
The orc wizard gestures at you while chanting.
The magic dart hits you!
You die...

##. ##......# #..
#........ #.#
##........ ##)#
#.........
#.)#####
#.........
##......#
##.........
#......##
#..........
##..(o..#
#.....<....
###....@..#
#..........
#........##
#..........
#...####..†#
#.......... .###
##..##
#........<..
#...###...........
###..###..>.......
##..#####.......
###.## .... #..##
###


You could see an orc wizard.

Vanquished Creatures
  A phantom (D:3)
  A scorpion (D:4)
  2 orc priests
  Terence (D:3)
  A hound skeleton (D:4)
  8 adders
  3 worms
  2 dart slugs (D:1)
  4 giant geckos
  7 orcs
  A bat (D:1)
  2 giant cockroaches
  5 goblins
  6 hobgoblins
  17 jackals
  4 quokkas
  A ball python (D:1)
  7 giant newts
  9 kobolds
  8 rats
90 creatures vanquished.

Notes
Turn   | Place    | Note
--------------------------------------------------------------
     0 | D:1      | MDvedh the Ghoul Earth Elementalist began the quest for the Orb.
     0 | D:1      | Reached XP level 1. HP: 14/14 MP: 2/2
   146 | D:1      | Reached skill level 1 in Unarmed Combat
   146 | D:1      | Reached XP level 2. HP: 12/18 MP: 3/3
   731 | D:1      | Reached skill level 2 in Unarmed Combat
   731 | D:1      | Reached XP level 3. HP: 20/25 MP: 4/4
  1212 | D:2      | Reached skill level 3 in Unarmed Combat
  1262 | D:2      | Found an iron altar of Okawaru.
  1288 | D:2      | Became a worshipper of Warmaster Okawaru
  1290 | D:2      | Reached XP level 4. HP: 27/33 MP: 5/5
  2286 | D:2      | Reached skill level 4 in Unarmed Combat
  2376 | D:3      | Reached XP level 5. HP: 26/36 MP: 6/6
  2466 | D:3      | Noticed Terence
  2497 | D:3      | Killed Terence
  2539 | D:3      | Reached skill level 5 in Unarmed Combat
  2826 | D:3      | Found a faded altar to an unknown god.
  2991 | D:3      | Noticed a phantom
  3035 | D:3      | Killed a phantom
  3035 | D:3      | Reached skill level 6 in Unarmed Combat
  3035 | D:3      | Reached XP level 6. HP: 31/44 MP: 7/7
  3515 | D:4      | Reached * piety under Okawaru
  3720 | D:4      | Reached skill level 7 in Unarmed Combat
  3777 | D:4      | HP: 2/44 [orc wizard/dagger (3)]
  3784 | D:4      | Killed from afar by an orc wizard

Skill      XL: |  1  2  3  4  5  6 |
---------------+-------------------+-----
Unarmed Combat | 1 2 3 4 6 7 |  7.1
Dodging        | |  1.7
Stealth        | |  2.1
Spellcasting   | |  1.7
Transmutations | |  0.8
Earth Magic    | |  3.8

Action                   |  1- 3 |  4- 6 || total
-------------------------+-------+-------++-------
Melee: Unarmed           |   193 |   340 ||   533
       Punch             |       |     5 ||     5
 Cast: Sandblast         |     2 |       ||     2
Invok: Heroism           |       |     1 ||     1
 Stab: Sleeping          |     1 |       ||     1
  Eat: Chunk             |     6 |     9 ||    15
       Meat ration       |       |     2 ||     2
Armor: Robe              |    18 |       ||    18
       Plate armour      |   120 |   241 ||   361
Dodge: Dodged            |    63 |    51 ||   114
